 Dungeon Crawl Stone Soup version 0.17-a0-1804-gf6433eb (webtiles) character file.

168 luca467 the Slasher (level 5, -5/41 HPs)
             Began as a Demonspawn Gladiator on Sept 11, 2015.
             Killed from afar by Sigmund (7 damage)
             ... with a wand of magic darts
             ... on level 3 of the Dungeon.
             The game lasted 00:13:33 (2778 turns).

luca467 the Slasher (Demonspawn Gladiator)          Turns: 2778, Time: 00:13:33

Health: -5/41      AC:  8    Str: 15    XL:     5   Next: 24%
Magic:  5/5        EV: 19    Int: 10    God:
Gold:   77         SH:  0    Dex: 19    Spells: 0 memorised, 4 levels left

rFire  . . .     SeeInvis .     a - +0 long sword
rCold  . . .     Clarity  .     b - +0 leather armour
rNeg   . . .     SustAt   .     (no shield)
rPois  .         Gourm    .     c - +0 helmet
rElec  .         Spirit   .     (no cloak)
rCorr  .         Warding  .     l - +2 pair of gloves
rMut   .         Stasis   .     (no boots)
MR     .....                    (no amulet)
Stlth  +++++.....               (no ring)
                                (no ring)

@: agile, not resistant to hostile enchantments, quite stealthy
A: molten scales 1, nightstalker 3
a: no special abilities


You were on level 3 of the Dungeon.
You were hungry.

You visited 1 branch of the dungeon, and saw 3 of its levels.

You collected 77 gold pieces.

Inventory:

Hand weapons
 a - a +0 long sword (weapon)
 m - a +0 dagger
Missiles
 d - 3 throwing nets (quivered)
Armour
 b - a +0 leather armour (worn)
 c - a +0 helmet (worn)
 l - a +2 pair of gloves (worn)
Jewellery
 p - an uncursed ring of stealth {unknown}
 r - an uncursed ring of fire {unknown}
Scrolls
 g - 2 scrolls of fear
 h - 3 scrolls of remove curse {unknown}
 i - a scroll of teleportation {unknown}
 n - a scroll of blinking {unknown}
Potions
 o - a potion of beneficial mutation {unknown}
 q - a potion of flight {unknown}
Comestibles
 e - 2 bread rations
 f - a fruit
 j - a meat ration


   Skills:
 + Level 3.2 Fighting
 * Level 4.2 Long Blades
 - Level 1.7 Throwing
 + Level 3.5 Dodging


You had 4 spell levels left.
You didn't know any spells.

Dungeon Overview and Level Annotations

Branches:
Dungeon (3/15)

Altars:
Qazlal

Annotations:
D:3 Sigmund


Innate Abilities, Weirdness & Mutations

You are partially covered in molten scales (AC +1).
You are completely attuned to the shadows.


Message History

Drink which item? (? for menu, Esc to quit)
It was a potion of agility.
You feel agile all of a sudden.
You are feeling hungry.
You barely miss something.
You hear a zap.
A magic dart appears from out of thin air!
The magic dart hits you!
You slash something! Something completely misses you.
You barely miss something. Something closely misses you.
You closely miss something.
You hear some strange, mumbled words.
A magic dart appears from out of thin air!
The magic dart hits you!
* * * LOW HITPOINT WARNING * * *
You miss something.
You hear a zap.
A magic dart appears from out of thin air!
The magic dart hits you!
You die...

##.###
#.#
##<#
#.## .
#..# .
##(# .
#.#
#.#
##.#
#..#
#@##
#{#
#.#
#.#
#.#


There were no monsters in sight!

Vanquished Creatures
  An ogre (D:3)
  4 adders
  3 worms
  5 bats
  2 giant cockroaches
  5 goblins
  6 hobgoblins
  5 kobolds
  6 giant newts
  5 rats
42 creatures vanquished.

Notes
Turn   | Place    | Note
--------------------------------------------------------------
     0 | D:1      | luca467 the Demonspawn Gladiator began the quest for the Orb.
     0 | D:1      | Reached XP level 1. HP: 16/16 MP: 1/1
   324 | D:1      | Reached skill level 3 in Long Blades
   392 | D:1      | Gained mutation: You are slightly more attuned to the shadows. [demonic ancestry]
   392 | D:1      | Reached XP level 2. HP: 16/22 MP: 2/2
  1369 | D:2      | Gained mutation: You are partially covered in molten scales (AC +1). [demonic ancestry]
  1369 | D:2      | Reached XP level 3. HP: 26/28 MP: 3/3
  1781 | D:2      | Found a stormy altar of Qazlal.
  2386 | D:3      | Gained mutation: You are significantly more attuned to the shadows. [demonic ancestry]
  2386 | D:3      | Reached XP level 4. HP: 34/34 MP: 4/4
  2496 | D:3      | Noticed an ogre
  2509 | D:3      | Killed an ogre
  2509 | D:3      | Reached skill level 4 in Long Blades
  2509 | D:3      | Gained mutation: You are completely attuned to the shadows. [demonic ancestry]
  2509 | D:3      | Reached XP level 5. HP: 12/41 MP: 5/5
  2753 | D:3      | Noticed Sigmund
  2777 | D:3      | HP: 2/41 [something/magic dart (6)]
  2778 | D:3      | Killed from afar by Sigmund

Vault maps used:
D:1:      dpeg_arrival_more_subterranean_lakeside_camping
D:2:      grunt_qazlal_clouds
D:3:      uniq_sigmund

Action                   |  1- 3 |  4- 6 || total
-------------------------+-------+-------++-------
Melee: Long sword        |   117 |    46 ||   163
       Dagger            |     2 |       ||     2
  Use: Scroll            |     2 |     1 ||     3
       Potion            |       |     1 ||     1
 Stab: Sleeping          |     5 |     1 ||     6
  Eat: Chunk             |     3 |     1 ||     4
       Beef jerky        |     1 |       ||     1
